 Dungeon Crawl Stone Soup version 0.32-a0-361-g289a535e89 (webtiles) character file.

Game seed: 8823294960979303609

29922 AlmostDecent the Severer (level 13, -44/115 HPs)
             Began as a Mountain Dwarf Berserker on Feb 18, 2024.
             Was an Elder of Trog.
             Annihilated by a titanic slime creature (105 damage)
             ... on level 12 of the Dungeon on Feb 19, 2024.
             The game lasted 00:42:22 (13682 turns).

AlmostDecent the Severer (MDBe)                    Turns: 13682, Time: 00:42:23

Health: -44/115    AC:  9    Str: 30    XL:     13   Next: 17%
Magic:  13/13      EV: 17    Int:  9    God:    Trog [****..]
Gold:   679        SH: 14    Dex: 16    Spells: 12/12 levels left

rFire   . . .        o - +1 war axe (protect)
rCold   + + +        O - +2 kite shield {rC+}
rNeg    . . .        m - +0 scale mail
rPois   +            L - +0 hat of Dogmatism {rC+ Regen+}
rElec   .            K - +0 cloak {rC+}
rCorr   .            J - +0 pair of gloves of Ru's Outrage {Str+6 Dex+4}
SInv    +            j - +0 pair of boots
Will    +....        G - amulet of Cepimola {rC+ Regen+ SInv}
Stlth   +            q - +5 ring of evasion
HPRegen 1.99/turn    F - ring "Ovaebux" {rPois Dex+3}
MPRegen 0.13/turn

%: no passive effects
@: on berserk cooldown, hasted and slowed
A: runic magic, artefact enchanting, deformed body, wild magic 1
a: Renounce Religion, Berserk, Trog's Hand, Brothers in Arms


You were on level 12 of the Dungeon.
You worshipped Trog.
Trog was greatly pleased with you.
You visited 1 branch of the dungeon, and saw 12 of its levels.
You also visited: Gauntlet and Ice Cave.

You collected 917 gold pieces.
You spent 238 gold pieces at shops.

Inventory:

Hand Weapons
 c - the +5 quarterstaff "Feucag" {spect, Stlth+}
   (You found it on level 6 of the Dungeon)

   Stlth+:    It makes you more stealthy.
 o - a +1 war axe of protection (weapon)
 C - the +8 longbow of Ceplagut {freeze, rF+}
   (You found it on level 9 of the Dungeon)

   rF+:       It protects you from fire.
 H - a +0 spear of venom
Missiles
 A - a throwing net (quivered)
Armour
 j - a +0 pair of boots (worn)
 m - a +0 scale mail (worn)
 p - a +1 tower shield
 J - the +0 pair of gloves of Ru's Outrage (worn) {Str+6 Dex+4}
   (You found it in a Gauntlet)

   Str+6:     It affects your strength (+6).
   Dex+4:     It affects your dexterity (+4).
 K - a +0 cloak of cold resistance (worn)
 L - the +0 hat of Dogmatism (worn) {rC+ Regen+}
   (You found it in a Gauntlet)

   rC+:       It protects you from cold.
   Regen+:    It increases your rate of health regeneration.
 O - a +2 kite shield of cold resistance (worn)
Jewellery
 d - a ring of fire
 q - a +5 ring of evasion (left hand)
 y - a ring of flight
 F - the ring "Ovaebux" (right hand) {rPois Dex+3}
   (You took it off a centaur warrior on level 9 of the Dungeon)

   [ring of poison resistance]

   Dex+3:     It affects your dexterity (+3).
   rPois:     It protects you from poison
 G - the amulet of Cepimola (around neck) {rC+ Regen+ SInv}
   (You took it off a centaur warrior on level 9 of the Dungeon)

   [amulet of regeneration]

   rC+:       It protects you from cold.
   SInv:      It lets you see invisible.
   Regen+:    It increases your rate of health regeneration.
 S - a ring of protection from fire
Wands
 h - a wand of light (11)
 t - a wand of charming (25)
 D - a wand of flame (13)
 Q - a wand of mindburst (5)
Scrolls
 b - a scroll of enchant armour
 f - a scroll of summoning {unknown}
 i - 5 scrolls of enchant weapon
 k - 2 scrolls of teleportation
 u - 2 scrolls of revelation
 v - 3 scrolls of vulnerability
 I - a scroll of identify
 M - a scroll of blinking {unknown}
 P - a scroll of fog
Potions
 a - a potion of berserk rage
 e - 4 potions of curing
 g - a potion of lignification {unknown}
 l - a potion of cancellation {unknown}
 n - 3 potions of attraction
 r - a potion of invisibility {unknown}
 s - 2 potions of might
 w - 4 potions of magic {unknown}
 x - 3 potions of haste
 z - 2 potions of enlightenment {unknown}
 B - 2 potions of ambrosia {unknown}
 E - 2 potions of heal wounds
 T - a potion of resistance {unknown}
Miscellaneous
 N - a box of beasts
 R - a phial of floods


   Skills:
 * Level 10.8 Fighting
 + Level 16.8 Axes
 * Level 9.7 Armour
 + Level 4.7 Dodging
 + Level 1.2 Stealth
 * Level 12.0 Shields


You had 12 spell levels left.
You didn't know any spells.
Your spell library was empty.

Dungeon Overview and Level Annotations

Branches:
Dungeon (12/15)            Temple (0/1) D:6            Lair (0/5) D:9
    Orc (0/2) D:9           IceCv (visited)         Gauntlet (visited)

Altars:
Gozag
Trog
Yredelemnul
Zin

Shops:
D:7 :   D:9 !

Annotations:
D:6 3 runed translucent doors, MasterT's ghost, novice MiFi
D:9 3 runed translucent doors


Innate Abilities, Weirdness & Mutations

Your spellcasting is much less encumbered by armour.
You can use scrolls of enchantment on lesser artefacts.
Armour fits poorly on your strangely shaped body.
Your spells are a little harder to cast, but a little more powerful.


Message History

The large slime creature barely misses you.
Two slime creatures merge to form a very large slime creature.
You slice the large slime creature!!
Your weapon exudes an aura of protection.
The large slime creature is moderately wounded.
The large slime creature hits you!
You slash the large slime creature!
The large slime creature is moderately wounded.
You block the large slime creature's attack.
You slice the large slime creature!!
The large slime creature is heavily wounded.
The large slime creature misses you.
Two slime creatures merge to form a titanic slime creature.
You slice the titanic slime creature!!
The titanic slime creature is moderately wounded.
You slice the titanic slime creature!!
The titanic slime creature is moderately wounded.
The titanic slime creature attacks as it pursues you!
You block the titanic slime creature's attack.
The titanic slime creature attacks as it pursues you!
The titanic slime creature hits you!!!!
Ouch! That really hurt!
* * * LOW HITPOINT WARNING * * *
You feel much better.
The titanic slime creature completely misses you.
Okay, then.
A red film seems to cover your vision as you go berserk!
You feel yourself moving faster!
You feel mighty! Trog will no longer gift you weapons.
You block the titanic slime creature's attack.
You feel a strong urge to attack something.
You feel your anger nearly subside.
You are no longer berserk.
You are exhausted.
You feel yourself slow down.
You feel yourself speed up.
The titanic slime creature closely misses you.
The titanic slime creature attacks as it pursues you!
The titanic slime creature hits you!!!!
Ouch! That really hurt!
You die...

######## ### #.J@...# #######.#
#.####.# #.......# #.#<.#.#
#.#####.## #.#.#..##### #####
*,* #..###.#.#......## #...#
*,****#.∩....#.#.......# #...#
*,,,,,#......#.#.......# #...#
*****,##.###.#...>.....####...#
#^#....#.#............'...#


You could see a titanic slime creature.

Vanquished Creatures
  A frost giant (IceCv)
  A minotaur (Gauntlet)
  A catoblepas (Gauntlet)
  A two-headed ogre (D:12)
  3 centaur warriors (D:9)
  5 death yaks (IceCv)
  A wretched star (Gauntlet)
  Pikel (D:9)
  A harpy (shapeshifter) (D:12)
  An ugly thing (D:9)
  3 manticores
  2 cyclopes
  Joseph (D:7)
  An ice statue (IceCv)
  A gargoyle (Gauntlet)
  A rime drake (IceCv)
  A minotaur zombie (Gauntlet)
  A komodo dragon (D:9)
  A kobold demonologist (D:10)
  3 trolls
  12 polar bears (IceCv)
  3 hornets
  5 slime creatures (D:12)
  2 wraiths
  A shadow (D:12)
  3 vampires
  22 yaks
  Eustachio (D:5)
  7 vampire mosquitoes
  A steam dragon (D:9)
  A neqoxec (Gauntlet)
  Menkaure (D:7)
  2 acid dragons
  3 water moccasins (D:7)
  4 ice beasts
  3 orc warriors
  A black bear (D:7)
  A sky beast (D:7)
  3 ogres
  14 wolves (IceCv)
  2 phantoms
  4 centaurs
  3 kobold brigands
  2 bullfrogs
  A gnoll sergeant (D:12)
  6 scorpions
  23 wights
  12 killer bees
  2 bombardier beetles
  6 howler monkeys
  3 hounds
  4 jellies
  3 orc priests
  2 sleepcaps
  2 iguanas
  6 orc wizards
  7 gnolls
  9 adders
  3 shadow imps
  2 white imps (D:6)
  2 dart slugs
  A ribbon worm (D:4)
  18 orcs
  3 ball pythons
  4 bats
  4 endoplasms
  5 giant cockroaches
  4 goblins
  12 hobgoblins
  20 kobolds
  3 quokkas
  4 frilled lizards
  4 rats
307 creatures vanquished.

Notes
Turn   | Place    | Note
-------+----------+-------------------------------------------
     0 | D:1      | AlmostDecent the Mountain Dwarf Berserker began the quest
                  | for the Orb.
     0 | D:1      | Reached XP level 1. HP: 19/19 MP: 1/1
    69 | D:1      | Reached skill level 4 in Axes
   157 | D:1      | Reached XP level 2. HP: 25/26 MP: 2/2
   396 | D:1      | Found a faded altar of an unknown god.
   427 | D:1      | Reached XP level 3. HP: 31/31 MP: 3/3
   464 | D:1      | Reached skill level 5 in Axes
   614 | D:1      | Reached ** piety under Trog
  1103 | D:2      | Reached XP level 4. HP: 38/38 MP: 4/4
  1720 | D:3      | Reached skill level 6 in Axes
  1928 | D:3      | Reached XP level 5. HP: 23/46 MP: 5/5
  2268 | D:4      | Reached skill level 7 in Axes
  2300 | D:4      | Reached XP level 6. HP: 41/52 MP: 6/6
  2631 | D:4      | Reached *** piety under Trog
  2798 | D:4      | Reached skill level 8 in Axes
  3343 | D:5      | Entered Level 5 of the Dungeon
  3350 | D:5      | Reached XP level 7. HP: 59/60 MP: 7/7
  3804 | D:5      | Found a glowing silver altar of Zin.
  3835 | D:5      | Noticed Eustachio
  3843 | D:5      | Killed Eustachio
  3844 | D:5      | Reached skill level 9 in Axes
  3844 | D:5      | Reached skill level 1 in Shields
  3959 | D:5      | Reached XP level 8. HP: 58/67 MP: 8/8
  4622 | D:5      | Reached skill level 10 in Axes
  5117 | D:6      | Found a runed translucent gate.
  5117 | D:6      | Found a runed translucent gate.
  5117 | D:6      | Noticed MasterT's ghost (novice MiFi)
  5117 | D:6      | Noticed a kobold demonologist
  5118 | D:6      | Found a runed translucent gate.
  5269 | D:6      | Reached skill level 5 in Fighting
  5294 | D:6      | Found a staircase to the Ecumenical Temple.
  5498 | D:6      | Identified the +5 quarterstaff "Feucag" {spect, Stlth+}
  5526 | D:6      | Reached skill level 11 in Axes
  5660 | D:6      | Reached skill level 5 in Armour
  6161 | D:7      | Reached XP level 9. HP: 74/74 MP: 9/9
  6429 | D:7      | Noticed Joseph
  6441 | D:7      | Killed Joseph
  6442 | D:7      | Reached skill level 12 in Axes
  6671 | D:7      | Reached **** piety under Trog
  6857 | D:7      | Reached skill level 13 in Axes
  6870 | D:7      | Noticed a cyclops
  6884 | D:7      | Killed a cyclops
  6900 | D:7      | Reached skill level 1 in Stealth
  6982 | D:7      | Reached XP level 10. HP: 73/83 MP: 7/10
  7146 | D:7      | Found Jetegh's Book Emporium.
  7171 | D:7      | Noticed Menkaure
  7180 | D:7      | Killed Menkaure
  7343 | D:8      | Paralysed by a hornet for 1 turns
  7346 | D:8      | Paralysed by a hornet for 1 turns
  7350 | D:8      | Paralysed by a hornet for 3 turns
  7356 | D:8      | Paralysed by a hornet for 1 turns
  7377 | D:8      | Reached skill level 14 in Axes
  7648 | D:8      | Reached skill level 5 in Shields
  8863 | D:9      | Found a staircase to the Orcish Mines.
  8891 | D:9      | Found a staircase to the Lair.
  8960 | D:9      | Identified the +8 longbow of Ceplagut {freeze, rF+}
  8969 | D:9      | Found Qijuelul's Distillery.
  8970 | D:9      | Found a runed translucent door.
  8970 | D:9      | Noticed a cyclops
  8970 | D:9      | Noticed a six-headed hydra
  8971 | D:9      | Found a runed translucent door.
  8971 | D:9      | Noticed a two-headed ogre
  8971 | D:9      | Noticed a fire dragon
  8971 | D:9      | Noticed a centaur warrior
  8971 | D:9      | Noticed a two-headed ogre
  8972 | D:9      | Found a runed translucent door.
  8976 | D:9      | Noticed Pikel
  8988 | D:9      | Killed Pikel
  9132 | D:9      | Bought a potion of heal wounds for 85 gold pieces
  9132 | D:9      | Bought a potion of might for 68 gold pieces
  9132 | D:9      | Bought a potion of heal wounds for 85 gold pieces
  9262 | D:9      | Found a bloodstained altar of Trog.
  9262 | D:9      | Found a basalt altar of Yredelemnul.
  9262 | D:9      | Found an opulent altar of Gozag.
  9379 | D:9      | Reached skill level 15 in Axes
  9402 | D:9      | Noticed a centaur warrior
  9405 | D:9      | Reached XP level 11. HP: 63/92 MP: 8/11
  9416 | D:9      | Identified the amulet of Cepimola {rC+ Regen+ SInv}
  9416 | D:9      | Noticed a centaur warrior
  9422 | D:9      | Killed a centaur warrior
  9429 | D:9      | Killed a centaur warrior
  9478 | D:9      | Identified the ring "Ovaebux" {rPois Dex+3}
  9478 | D:9      | Noticed a centaur warrior
  9497 | D:9      | Killed a centaur warrior
  9722 | D:9      | Noticed a red ugly thing
  9728 | D:9      | Killed a red ugly thing
  9758 | D:9      | Identified the amulet "Veraf" {Acrobat Regen+ Dex+3}
  9992 | D:9      | Noticed an entropy weaver
  9993 | D:9      | an entropy weaver changed into an adder
 10085 | D:10     | Entered Level 10 of the Dungeon
 11665 | D:12     | Reached skill level 16 in Axes
 11746 | D:12     | Found a gate leading to a gauntlet.
 11760 | Gauntlet | Entered a Gauntlet
 11760 | Gauntlet | Found a transporter.
 11763 | Gauntlet | Found a transporter.
 11763 | Gauntlet | Noticed a catoblepas
 11765 | Gauntlet | Found a transporter.
 11770 | Gauntlet | Noticed a soul eater
 11780 | Gauntlet | Found a transporter.
 11782 | Gauntlet | Found a transporter.
 11784 | Gauntlet | Noticed a wretched star
 11795 | Gauntlet | Found a transporter.
 11801 | Gauntlet | Found a runed translucent door.
 11807 | Gauntlet | Noticed a fire crab
 11808 | Gauntlet | Found a transporter.
 11818 | Gauntlet | Found a transporter.
 11819 | Gauntlet | Noticed a sixfirhy
 11820 | Gauntlet | Noticed a sixfirhy
 11822 | Gauntlet | Noticed a sixfirhy
 11823 | Gauntlet | Found a transporter.
 11826 | Gauntlet | Found a transporter.
 11843 | Gauntlet | Found a transporter.
 11868 | Gauntlet | Noticed a fire crab
 11869 | Gauntlet | Found a transporter.
 11884 | Gauntlet | Found a transporter.
 11896 | Gauntlet | Found a transporter.
 11981 | Gauntlet | Killed a catoblepas
 12037 | Gauntlet | Identified the +0 pair of gloves of Ru's Outrage {Str+6
                  | Dex+4}
 12073 | Gauntlet | Gained mutation: You are clumsy. (Dex -2) [a neqoxec]
 12087 | Gauntlet | Killed a wretched star
 12087 | Gauntlet | Gained mutation: You occasionally shout uncontrollably at
                  | your foes. [a neqoxec]
 12088 | Gauntlet | Reached XP level 12. HP: 82/82 MP: 10/12
 12133 | Gauntlet | Identified the +0 hat of Dogmatism {rC+ Regen+}
 12160 | Gauntlet | Noticed a minotaur
 12173 | Gauntlet | Killed a minotaur
 12270 | D:12     | Found a frozen archway.
 12287 | IceCv    | Entered an ice cave
 12393 | IceCv    | Lost mutation: You occasionally shout uncontrollably at
                  | your foes. [potion of mutation]
 12393 | IceCv    | Lost mutation: You are clumsy. (Dex -2) [potion of
                  | mutation]
 12393 | IceCv    | Gained mutation: You are frail. (-10% HP) [potion of
                  | mutation]
 12393 | IceCv    | Gained mutation: You are somewhat resistant to further
                  | mutation. [potion of mutation]
 12444 | IceCv    | Noticed a death yak
 12444 | IceCv    | Noticed a death yak
 12453 | IceCv    | Killed a death yak
 12461 | IceCv    | Killed a death yak
 12462 | IceCv    | Reached skill level 10 in Shields
 12587 | IceCv    | Lost mutation: You are somewhat resistant to further
                  | mutation. [potion of mutation]
 12587 | IceCv    | Lost mutation: You are frail. (-10% HP) [potion of
                  | mutation]
 12587 | IceCv    | Gained mutation: Armour fits poorly on your strangely
                  | shaped body. [potion of mutation]
 12587 | IceCv    | Gained mutation: Your spells are a little harder to cast,
                  | but a little more powerful. [potion of mutation]
 12654 | IceCv    | Noticed a death yak
 12656 | IceCv    | Noticed a death yak
 12657 | IceCv    | Noticed a death yak
 12672 | IceCv    | Killed a death yak
 12681 | IceCv    | Killed a death yak
 12689 | IceCv    | Killed a death yak
 12690 | IceCv    | Reached skill level 10 in Fighting
 12867 | IceCv    | Noticed a frost giant
 12888 | IceCv    | Killed a frost giant
 12947 | IceCv    | Reached XP level 13. HP: 114/114 MP: 13/13
 13550 | D:12     | Reached ***** piety under Trog
 13682 | D:12     | Annihilated by a titanic slime creature

Illustrated notes

Levels and vault maps discovered:
D:1:      ebering_trefoil_twist, layout_rooms,
          shapermc_ecumenical_altar_flowoftime,
          wander_ebering_terrifying_dragon_lair
D:2:      layout_loops_corners
D:3:      layout_rooms
D:4:      minmay_wonky_spiral, layout_loops_cross
D:5:      layout_loops_corners, zin_treasury, uniq_eustachio
D:6:      layout_basic, minmay_temple_entry_antechambers,
          gammafunk_ghost_nasty_kobolds, hangedman_decor_diamond_cutter,
          minmay_hedge_maze, nicolae_letterblocks [nicolae_letter_subblock,
          nicolae_letter_subblock, nicolae_letter_subblock,
          nicolae_letter_subblock, nicolae_letter_subblock,
          nicolae_letter_subblock, nicolae_letter_subblock,
          nicolae_letter_subblock, nicolae_letter_subblock,
          nicolae_letter_subblock, nicolae_letter_subblock,
          nicolae_letter_subblock, nicolae_letter_subblock,
          nicolae_letter_subblock, nicolae_letter_subblock,
          nicolae_letter_subblock, nicolae_letter_subblock,
          nicolae_letter_subblock, nicolae_letter_subblock,
          nicolae_letter_subblock, nicolae_letter_subblock,
          nicolae_letter_subblock, nicolae_letter_subblock,
          nicolae_letter_subblock, nicolae_letter_subblock]
D:7:      cheibrodos_barr_body, layout_cave_pools, serial_shops, shop,
          uniq_joseph, uniq_menkaure
D:8:      layout_loops_corners
D:9:      minmay_the_grid_triangle_9x9_rhombus_thin
          [minmay_the_grid_triangle_9x9_flanged_cone,
          minmay_the_grid_triangle_9x9_prize_special,
          minmay_the_grid_triangle_9x9_fully_insulated_deathbox,
          minmay_the_grid_triangle_9x9_zippers_vertical], layout_rooms,
          gammafunk_temple_overflow_claw, david_lair_shrubbed, orc_0_dummy,
          serial_shops, nicolae_shop_industrial_runoff, serial_rivers,
          chequers_serial_rivers_room_a, chequers_serial_rivers_micro_c,
          chequers_serial_rivers_large_a, chequers_serial_rivers_marsh,
          chequers_serial_rivers_small_3, uniq_pikel
D:10:     layout_stronghold, dk_noncrumbling_2
D:11:     layout_roguey
D:12:     layout_basic, gauntlet_entry_generic, portal_ice_cave_entry_pillars_1,
          lightli_fourway_metalbox

Skill      XL: |  1  2  3  4  5  6  7  8  9 10 11 12 13 |
---------------+----------------------------------------+-----
Axes           | 4 5 6 7 8 9 11 13 15 16 | 16.8
Fighting       | 4 5 6 7 8 10 | 10.8
Armour         | 3 4 5 6 7 8 9 |  9.7
Dodging        | 2 3 4 |  4.7
Shields        | 1 2 4 6 9 11 12 | 12.0
Stealth        | 1 |  1.2

Action                     |  1- 3 |  4- 6 |  7- 9 | 10-12 | 13-15 || total
---------------------------+-------+-------+-------+-------+-------++-------
  Melee: Hand axe          |   118 |   112 |       |       |       ||   230
         War axe           |       |    45 |   334 |   793 |    63 ||  1235
 Invoke: Berserk           |       |       |     6 |    12 |     2 ||    20
         Trog's Hand       |       |       |     1 |    10 |     1 ||    12
    Use: Scroll            |       |       |    13 |     5 |       ||    18
         Potion            |       |       |     1 |     2 |     2 ||     5
   Stab: Sleeping          |     1 |       |       |       |       ||     1
         Distracted        |       |       |       |     1 |       ||     1
 Armour: Animal skin       |    56 |     1 |       |       |       ||    57
         Scale mail        |       |   102 |   125 |   402 |    33 ||   662
  Dodge: Dodged            |    50 |    63 |   108 |   386 |    39 ||   646
  Block: Tower shield      |       |    12 |   155 |   709 |       ||   876
         Kite shield       |       |       |       |    44 |    59 ||   103

Table legend: (Time is in decaauts)
 A = Elapsed time spent in this place.
 B = Non-inter-level travel time spent in this place.
 C = Inter-level travel time spent in this place.
 D = Time resting spent in this place.
 E = Time spent auto-exploring this place.
 F = Levels seen in this place.
 G = Mean time per level.
                   A        B        C        D        E       F      G
               +--------+--------+--------+--------+--------+-----+--------+
         Total |  13889 |  13311 |    578 |    362 |  10062 |  14 |  992.1 |
       Dungeon |  12716 |  12138 |    578 |    195 |   9843 |  12 | 1059.7 |
      Ice Cave |    699 |    699 |      0 |    100 |    219 |   1 |  699.0 |
      Gauntlet |    473 |    473 |      0 |     67 |      0 |   1 |  473.0 |
               +--------+--------+--------+--------+--------+-----+--------+

Top non-repeatable levels by time:
     D:5: 1551 daAuts
     D:9: 1516 daAuts
     D:6: 1422 daAuts
     D:8: 1322 daAuts
     D:7: 1226 daAuts
     D:4: 1187 daAuts
    D:12: 943 daAuts
     D:2: 938 daAuts
    D:10: 765 daAuts
   IceCv: 699 daAuts
     D:1: 672 daAuts
     D:3: 648 daAuts
    D:11: 520 daAuts
Gauntlet: 473 daAuts
